[Event "*** Titled Tuesday Blitz"]
[Site "Chess.com"]
[Date "2021.02.02"]
[Round "2"]
[White "Unknown_IM"]
[Black "fish7728"]
[Result "0-1"]
[WhiteElo "2386"]
[BlackElo "2165"]
[TimeControl "180+1"]
[EndTime "10:18:50 PST"]
[Termination "fish7728 won by resignation"]

1. e4 c5 2. Nf3 e6 3. c3 Nf6 4.
e5 Nd5 5. d4 d6 6. a3 Nc6 7.
Bd3 Be7 8. O-O O-O 9. Qc2 f5 10.
exf6 Nxf6 11. dxc5 d5 12. b4 e5 13. Bb5 e4 14. Nd4 Ne5 15. h3 a6 16. Be2 Qe8 17. c4 dxc4 18. Bxc4+ Kh8 19. Bf4 Nxc4 20.
Qxc4 Qg6 21. Ne6 Qf7 22. Nc3 Bxe6 23. Qe2 Bc4 24. Qe3 Bxf1 25. Rxf1 Rad8 26. Bh2 Qc4 27. Be5 Rd3 28. Qc1 Nd5 29. Nxd5 Qxd5 30. Ba1 Bf6 31.
Bxf6 Rxf6 32. a4 Rg6 33. b5 e3 34. f3 Rd2 35. g4 Qe5 36. f4 Qe4 0-1

[Event "*** Titled Tuesday Blitz"]
[Site "Chess.com"]
[Date "2021.02.02"]
[Round "2"]
[White "VitaliyBernadskiy"]
[Black "Grimlock_Glasgow"]
[Result "1-0"]
[WhiteElo "2722"]
[BlackElo "2491"]
[TimeControl "180+1"]
[EndTime "10:18:51 PST"]
[Termination "VitaliyBernadskiy won on time"]

1. d4 e6 2. c4 f5 3. Nc3 Nf6 4. e3 b6 5. Bd3 Bb7 6. f3 g6 7. Nge2 Bg7 8. O-O O-O 9. e4 fxe4 10. fxe4 c5 11. d5 Ng4 12. Bf4 Na6 13. Qd2 Ne5 14. a3 Nxd3 15. Qxd3 e5 16. Bd2 d6 17.
Nb5 Nc7 18. Rxf8+ Bxf8 19. Rf1 Nxb5 20. cxb5 Bc8 21. Qf3 Bg7 22. Bg5 Qe8 23. Bf6 Qf7 24. Nc3 Bd7 25. g4 Bxg4 26. Qxg4 Bxf6 27. Qe6 Qxe6 28.
dxe6 Kg7 29. Nd5 Rf8 30. e7 Bxe7 31. Nxe7 Rxf1+ 32. Kxf1 Kf7 33. Nc8 Ke6 34. Nxa7 d5 35. Nc8 dxe4 36. Nxb6 1-0

[Event "*** Titled Tuesday Blitz"]
[Site "Chess.com"]
[Date "2021.02.02"]
[Round "2"]
[White "PopMilan95"]
[Black "ViktoriyaTarasova"]
[Result "1-0"]
[WhiteElo "2585"]
[BlackElo "2296"]
[TimeControl "180+1"]
[EndTime "10:18:51 PST"]
[Termination "PopMilan95 won by resignation"]

1. e4 c5 2. Nf3 d6 3. d4 cxd4 4. Qxd4 Nf6 5. Nc3 Nc6 6. Bb5 e6 7. Bg5 Bd7 8. Bxc6 Bxc6 9. O-O-O Be7 10. Bxf6 Bxf6 11. Qd3 O-O 12. Nd4 Rc8 13. f4 Qb6 14. g4 Rfd8 15. g5 Be7 16. h4 Qc7 17. h5 a6 18. g6 fxg6 19. Nxe6 Qd7 20. Nxd8 Bxd8 21.
hxg6 h6 22. Nd5 Bb5 23. Qe3 Qc6 24. Rh2 Bc4 25. Kb1 a5 26. b3 Ba6 27. f5 a4 28. f6 a3 29. c3 b5 30. f7+ Kf8 31. Rxh6 1-0

[Event "*** Titled Tuesday Blitz"]
[Site "Chess.com"]
[Date "2021.02.02"]
[Round "2"]
[White "VladaSviridova"]
[Black "LisikValera"]
[Result "0-1"]
[WhiteElo "2270"]
[BlackElo "2475"]
[TimeControl "180+1"]
[EndTime "10:18:51 PST"]
[Termination "LisikValera won by resignation"]

1. d4 d5 2. c4 c6 3. Nf3 Nf6 4. Nc3 e6 5. e3 Nbd7 6. Qc2 Bd6 7.
Bd3 dxc4 8. Bxc4 b5 9. Be2 Bb7 10. O-O a6 11. Rd1 c5 12. dxc5 Bxc5 13. a3 Rc8 14. b4 Be7 15. Bb2 O-O 16. Rac1 Qc7 17. Qb1 Qb8 18. Nd4 Qa8 19. Bf3 Ne5 20. Bxb7 Qxb7 21. h3 Nc4 22. Nf3 Rfd8 23. Ne2 Qe4 24. Qxe4 Nxe4 25. Rxd8+ Rxd8 26. Bd4 Nxa3 27. Ra1 Bxb4 28.
Ne5 Bf8 29. Nc6 Rc8 30. Na5 b4 31. Nb3 Nc3 32. Bxc3 bxc3 33. Ned4 g6 34. f3 Rb8 35. Kf2 a5 36. Rc1 a4 37. Na5 Rb2+ 38. Kg3 c2 39.
Nac6 e5 40. Nxe5 Bg7 41. Nd3 Rb1 42. Rxc2 Nxc2 43. Nxc2 Rb3 44. Nc1 Rc3 0-1

[Event "*** Titled Tuesday Blitz"]
[Site "Chess.com"]
[Date "2021.02.02"]
[Round "2"]
[White "KetiGrant"]
[Black "Joseacorrea"]
[Result "1-0"]
[WhiteElo "2382"]
[BlackElo "2021"]
[TimeControl "180+1"]
[EndTime "10:18:51 PST"]
[Termination "KetiGrant won on time"]

1. e4 c5 2. Nf3 g6 3. c4 Bg7 4. d4 cxd4 5. Nxd4 Nc6 6. Nc2 d6 7.
Be2 f5 8. exf5 Bxf5 9. O-O Nf6 10. Ne3 Be6 11. Nc3 O-O 12. Ned5 Rc8 13. Bg5 Bxd5 14.
Nxd5 Ne5 15. Rc1 h6 16. Nxf6+ exf6 17. Be3 f5 18. Qd5+ Nf7 19. b3 b6 20. Rfd1 Qe7 21.
Bf3 Kh7 22. g3 Rfd8 23. Bg2 Ne5 24. Bd4 Qf7 25. Qxf7 Nxf7 26. Be3 Ne5 27. Bd5 Rc7 28. h3 Re7 29. Kg2 g5 30. Bd4 f4 31. g4 Rde8 32. f3 Rd8 33. Rd2 Kh8 34. Be4 Rde8 35. Bc3 1-0

[Event "*** Titled Tuesday Blitz"]
[Site "Chess.com"]
[Date "2021.02.02"]
[Round "2"]
[White "Barys1974"]
[Black "MartinMatthiesen"]
[Result "0-1"]
[WhiteElo "2573"]
[BlackElo "2342"]
[TimeControl "180+1"]
[EndTime "10:18:52 PST"]
[Termination "MartinMatthiesen won by resignation"]

1. e4 e5 2. Nf3 Nc6 3. Bb5 a6 4. Ba4 Nf6 5. d3 b5 6. Bb3 Bc5 7. O-O d6 8. Bg5 h6 9. Bh4 Na5 10. d4 Nxb3 11. axb3 exd4 12. Nxd4 Bd7 13. Nc3 g5 14. Bg3 O-O 15. f3 Re8 16. Bf2 b4 17. Nce2 a5 18. Ng3 d5 19. Ndf5 Bxf2+ 20. Rxf2 Kh7 21.
Qf1 Bxf5 22. exf5 Qd6 23. Rd2 c5 24. Qb5 Re3 25. Rxa5 Re1+ 26. Nf1 Rae8 27. Qxc5 Qe5 28. Qd4 Rxf1+ 0-1

[Event "*** Titled Tuesday Blitz"]
[Site "Chess.com"]
[Date "2021.02.02"]
[Round "2"]
[White "WPWPWP-2015"]
[Black "Cocaino74"]
[Result "1-0"]
[WhiteElo "2470"]
[BlackElo "2263"]
[TimeControl "180+1"]
[EndTime "10:18:52 PST"]
[Termination "WPWPWP-2015 won on time"]

1. d4 d5 2. c4 c6 3. Nf3 e6 4.
Nc3 dxc4 5. a4 Bb4 6. e3 b5 7. Be2 Bb7 8. O-O a6 9. Ne5 Nd7 10. f4 Ne7 11. Bh5 Nxe5 12. fxe5 O-O 13. Ne4 c5 14.
Nd6 cxd4 15. Bxf7+ Rxf7 16. Nxf7 Qd5 17. Qg4 Ng6 18. exd4 Rf8 19. Ng5 Rf5 20. Be3 h5 21.
Qg3 h4 22. Qg4 Be7 23. Nxe6 Qxe6 24. Qxf5 Qd5 25. Qxg6 1-0

[Event "*** Titled Tuesday Blitz"]
[Site "Chess.com"]
[Date "2021.02.02"]
[Round "2"]
[White "Moon_stone123"]
[Black "picturesquecheck"]
[Result "1-0"]
[WhiteElo "2429"]
[BlackElo "2195"]
[TimeControl "180+1"]
[EndTime "10:18:52 PST"]
[Termination "Moon_stone123 won by resignation"]

1. e4 c5 2. Nf3 Nc6 3. d4 cxd4 4. Nxd4 Nf6 5. Nc3 d6 6. Bg5 e6 7. Qd2 a6 8. O-O-O h6 9. Bh4 Nxe4 10. Bxd8 Nxd2 11.
Nxc6 bxc6 12. Bc7 Nxf1 13. Rhxf1 d5 14. f4 Be7 15. a4 Bd7 16. a5 O-O 17. Na4 c5 18.
Nb6 Bb5 19. Rfe1 Rae8 20. b3 d4 21. g3 g6 22. Be5 f6 23. Bc7 Kf7 24. Kb2 Rh8 25.
c3 dxc3+ 26. Kxc3 Bd8 27. Bd6 Be7 28. Bc7 h5 29. h4 Kg7 30. Rxe6 Kf7 31. Rde1 g5 32. Nd5 Bd8 33. Rxe8 Rxe8 34. Rxe8 Kxe8 35. Bxd8 Kxd8 36. Nxf6 gxf4 37. gxf4 Be2 38. Ne4 Kc7 39. Nxc5 Kd6 40. Kd4 Bf1 41. b4 Be2 42. f5 Ke7 43. Ke5 Kf7 1-0

[Event "*** Titled Tuesday Blitz"]
[Site "Chess.com"]
[Date "2021.02.02"]
[Round "2"]
[White "TheSodabread"]
[Black "MagzyPotato"]
[Result "1-0"]
[WhiteElo "2109"]
[BlackElo "2374"]
[TimeControl "180+1"]
[EndTime "10:18:52 PST"]
[Termination "TheSodabread won by checkmate"]

1. d4 Nf6 2. Nc3 d5 3. Bf4 a6 4.
e3 e6 5. g4 c5 6. g5 Nfd7 7. h4 Nc6 8. Nf3 Qa5 9. a3 cxd4 10.
exd4 Qb6 11. h5 Be7 12. b4 Nd8 13. Bh3 Bd6 14. Qd2 a5 15. b5 a4 16. g6 hxg6 17.
hxg6 fxg6 18. Bxd6 Qxd6 19. Qg5 Rh6 20. Kd2 Nf7 21.
Qg4 Nf6 22. Qg2 Qf4+ 23. Kd1 Nd6 24. Ne2 Qe4 25. Ng3 Qf4 26. Ne2 Qe4 27. Ng3 Nh5 28. Nxe4 dxe4 29. Ne5 Nf4 30. Qg3 Nd5 31. Nxg6 Nf5 32.
Bxf5 Rxh1+ 33. Kd2 Rxa1 34. Ne5 exf5 35. Qg6+ Kd8 36. Qd6+ Ke8 37. Qxd5 Ke7 38. Qf7+ Kd6 39. Nc4# 1-0

[Event "*** Titled Tuesday Blitz"]
[Site "Chess.com"]
[Date "2021.02.02"]
[Round "2"]
[White "ailime26"]
[Black "Trickov"]
[Result "0-1"]
[WhiteElo "2054"]
[BlackElo "2386"]
[TimeControl "180+1"]
[EndTime "10:18:52 PST"]
[Termination "Trickov won on time"]

1. e4 c5 2. Nf3 d6 3. d4 Nf6 4. Nc3 cxd4 5. Nxd4 a6 6. f3 e5 7. Nb3 Be6 8. Be3 Nbd7 9. Qd2 b5 10. g4 Nb6 11.
O-O-O Nc4 12. Qf2 Nxe3 13. Qxe3 Be7 14. h4 Rc8 15. Kb1 O-O 16. h5 h6 17. g5 hxg5 18.
h6 g6 19. Qxg5 Rxc3 20. bxc3 Nxe4 21. Qe3 Nf6 22. Nc5 Nd5 23. Nxe6 Nxe3 24. Nxd8 Nxd1 25.
Nc6 Bf6 26. Bd3 Nxc3+ 27. Kb2 e4 0-1

[Event "*** Titled Tuesday Blitz"]
[Site "Chess.com"]
[Date "2021.02.02"]
[Round "2"]
[White "manipun1"]
[Black "Enriquack"]
[Result "1/2-1/2"]
[WhiteElo "2238"]
[BlackElo "2439"]
[TimeControl "180+1"]
[EndTime "10:18:53 PST"]
[Termination "Game drawn by agreement"]

1. e4 c5 2. Nf3 e6 3. c4 Nc6 4.
Nc3 Nge7 5. Be2 Nd4 6. d3 Nec6 7.
Be3 Be7 8. O-O O-O 9. a3 b6 10. Rb1 Bb7 11. h3 f5 12. exf5 Nxe2+ 13. Qxe2 Rxf5 14.
Ne4 Qc7 15. Ng3 Rff8 16. d4 cxd4 17. Nxd4 Nxd4 18. Bxd4 Qc6 19. f3 Rf4 20. Be3 Rxc4 21. Rbc1 Rc8 22. Ne4 Qd5 23. Rxc4 Qxc4 24. Qd2 d5 25.
Ng5 Rc6 26. Rc1 Qxc1+ 27. Qxc1 Rxc1+ 28. Bxc1 h6 29. Nxe6 Kf7 30. Nd4 Bc5 31. Be3 Bc8 32. Kf2 Ke7 33. Ke2 Kd6 34. b4 Bxd4 35. Bxd4 Ba6+ 36.
Ke3 g6 37. h4 h5 38. g4 Ke6 39. Kf4 Be2 40. a4 Bd1 41. a5 bxa5 42. bxa5 a6 43.
Bb6 Kd6 44. Bd4 Ke6 1/2-1/2

[Event "*** Titled Tuesday Blitz"]
[Site "Chess.com"]
[Date "2021.02.02"]
[Round "2"]
[White "GameOverBro"]
[Black "beto-betun"]
[Result "1-0"]
[WhiteElo "2425"]
[BlackElo "2186"]
[TimeControl "180+1"]
[EndTime "10:18:53 PST"]
[Termination "GameOverBro won by resignation"]

1. e4 c5 2. Ne2 d5 3. exd5 Qxd5 4. d4 cxd4 5. Qxd4 Nf6 6. Nbc3 Qxd4 7. Nxd4 a6 8. Bf4 Bd7 9. O-O-O Nc6 10. Nb3 e5 11. Re1 Bd6 12. Bxe5 Bxe5 13. f4 O-O 14. fxe5 Ng4 15. Nd5 Ngxe5 16. Nc5 Rad8 17. Nxb7 Rb8 18.
Nc5 Bf5 19. Nxa6 Ra8 20. b4 Ng4 21. b5 Nd4 22. c3 Rac8 23. Ne7+ Kh8 24. Nxc8 Rxc8 25.
Kb2 Nf2 26. Rg1 Ne6 27. g4 Nxg4 28. a4 Ne5 29. b6 Nc4+ 30. Bxc4 Rxc4 31. b7 1-0

[Event "*** Titled Tuesday Blitz"]
[Site "Chess.com"]
[Date "2021.02.02"]
[Round "2"]
[White "MilosJi"]
[Black "imdvb6307"]
[Result "1-0"]
[WhiteElo "2651"]
[BlackElo "2373"]
[TimeControl "180+1"]
[EndTime "10:18:54 PST"]
[Termination "MilosJi won by resignation"]

1. Nf3 d5 2. c4 c6 3. e3 Nf6 4. Nc3 Bg4 5. cxd5 Bxf3 6. Qxf3 cxd5 7. Bb5+ Nc6 8. Bxc6+ bxc6 9. O-O e6 10. b3 Be7 11.
Bb2 O-O 12. Rfc1 Nd7 13. Na4 Rc8 14. Rc2 Qa5 15. Rac1 Qb5 16. Qg3 Bf6 17. Bxf6 Nxf6 18.
d4 Ne4 19. Qf3 f5 20. g3 g5 21. Nc5 Rf6 22. Nxe4 dxe4 23. Qh5 Rg6 24. Rc5 Qa6 25.
R1c2 Kg7 26. Qe2 Qxe2 27. Rxe2 Rf6 28. Rec2 Kg6 29. Rxc6 Rxc6 30. Rxc6 f4 31. b4 fxe3 32. fxe3 h5 33. b5 h4 34. Kg2 hxg3 35. hxg3 Kh5 36. d5 Rf3 37. dxe6 Kg6 38. e7+ Kf7 39. Re6 Ke8 40.
Rxe4 Rf5 41. a4 Rc5 42. Kh3 Rc2 43. Kg4 Rg2 44. Re5 Rg1 45. a5 Ra1 46. a6 Rg1 47.
e4 Rg2 48. Rxg5 Kxe7 49. Rg7+ Ke6 50. Rxa7 Rb2 51. Rb7 1-0

[Event "*** Titled Tuesday Blitz"]
[Site "Chess.com"]
[Date "2021.02.02"]
[Round "2"]
[White "CoachHakia"]
[Black "ChessFighter1975"]
[Result "0-1"]
[WhiteElo "2141"]
[BlackElo "2410"]
[TimeControl "180+1"]
[EndTime "10:18:54 PST"]
[Termination "ChessFighter1975 won on time"]

1. d4 d6 2. Nf3 Nf6 3. g3 g6 4.
Bg2 Bg7 5. O-O O-O 6. Re1 Nc6 7.
e4 e5 8. d5 Ne7 9. c4 b6 10. b4 a5 11. bxa5 Rxa5 12. Bd2 Ra8 13. Qc2 h6 14. a4 Ne8 15. a5 f5 16. Nh4 Nf6 17. exf5 gxf5 18. f4 Ne4 19. Nxf5 Bxf5 20. Bxe4 exf4 21. Nc3 Rxa5 22. Rxa5 bxa5 23. Bxf4 Bxe4 24.
Nxe4 Nf5 25. c5 Nd4 26. Qd3 dxc5 27. Nxc5 Qxd5 28. Ne6 Nf3+ 29. Qxf3 Qxf3 30. Nxf8 Bxf8 0-1

[Event "*** Titled Tuesday Blitz"]
[Site "Chess.com"]
[Date "2021.02.02"]
[Round "2"]
[White "TST2014"]
[Black "RD4ever"]
[Result "0-1"]
[WhiteElo "2543"]
[BlackElo "2855"]
[TimeControl "180+1"]
[EndTime "10:18:55 PST"]
[Termination "RD4ever won by resignation"]

1. d4 Nf6 2. c4 g6 3. Nc3 Bg7 4. e4 O-O 5. Nf3 d6 6. Be2 e5 7. O-O exd4 8. Nxd4 Re8 9. f3 c6 10. Kh1 Nbd7 11. Be3 d5 12. cxd5 Nxd5 13. Bf2 Nf4 14. Bc4 Ne5 15. Bb3 Ned3 16. Nde2 Nxf2+ 17. Rxf2 Nd3 18. Rf1 Nc5 19. Qc2 Nxb3 20. Qxb3 Qe7 21. Rad1 Be6 22.
Qa4 Qc5 23. Nd4 Bc8 24. Nb3 Qe7 25. Nd4 h5 26. f4 Bg4 27. Rd2 Rad8 28. e5 f6 29. exf6 Qxf6 30. h3 Bxh3 31. Nxc6 Rxd2 32. gxh3 Qxc6+ 33. Qxc6 bxc6 34. Na4 Ree2 35. Rc1 Rh2+ 0-1

[Event "*** Titled Tuesday Blitz"]
[Site "Chess.com"]
[Date "2021.02.02"]
[Round "2"]
[White "Orest_Vovk"]
[Black "Alexchess1984"]
[Result "0-1"]
[WhiteElo "2463"]
[BlackElo "2678"]
[TimeControl "180+1"]
[EndTime "10:18:55 PST"]
[Termination "Alexchess1984 won on time"]

1. g4 e5 2. g5 d5 3. Bg2 Nc6 4. c4 dxc4 5. Bxc6+ bxc6 6. Qa4 Bd7 7. Qxc4 Qxg5 8.
Nf3 Qh5 9. Rg1 f6 10. Nc3 Ne7 11. d4 exd4 12. Qxd4 Ng6 13. Bf4 Nxf4 14. Qxf4 Bd6 15. Qe4+ Kf8 16. O-O-O Re8 17. Qd4 Qf5 18. Qxa7 Kf7 19.
Nd4 Qf4+ 20. e3 Qxf2 21. Nc2 Bf5 22. Nd4 Qxe3+ 0-1

[Event "*** Titled Tuesday Blitz"]
[Site "Chess.com"]
[Date "2021.02.02"]
[Round "2"]
[White "Logman74"]
[Black "Pantata007"]
[Result "1-0"]
[WhiteElo "2460"]
[BlackElo "2247"]
[TimeControl "180+1"]
[EndTime "10:18:56 PST"]
[Termination "Logman74 won by resignation"]

1. e4 e5 2. Nf3 Nc6 3. Bb5 a6 4. Ba4 Nf6 5. O-O Be7 6. Re1 b5 7. Bb3 O-O 8. c3 d5 9. exd5 Nxd5 10. Nxe5 Nxe5 11. Rxe5 c6 12. d4 Bd6 13. Re1 Qh4 14.
g3 Qh3 15. Be3 Bg4 16. Qd3 Rae8 17. Nd2 Re6 18. Qf1 Qh5 19. a4 f5 20. axb5 axb5 21.
Bxd5 cxd5 22. f3 Bh3 23. Qxb5 f4 24. Bf2 Rg6 25. Re8 fxg3 26. Rxf8+ Bxf8 27. Bxg3 Qg5 28. Qd3 h5 29. f4 Qg4 30. Nf3 h4 31. Nxh4 Qxh4 32.
Qxg6 Qe7 33. Re1 Qb7 34. Qh5 Bd7 35. Qe5 1-0

[Event "*** Titled Tuesday Blitz"]
[Site "Chess.com"]
[Date "2021.02.02"]
[Round "2"]
[White "Sychev_Klementy"]
[Black "Djager97"]
[Result "1-0"]
[WhiteElo "2902"]
[BlackElo "2571"]
[TimeControl "180+1"]
[EndTime "10:18:59 PST"]
[Termination "Sychev_Klementy won by resignation"]

1. e4 e5 2. Nf3 Nc6 3. Nc3 Nf6 4. Bb5 Bb4 5. O-O O-O 6. d3 d6 7. Bg5 Ne7 8. Nh4 a5 9. Bc4 c6 10. a3 Bc5 11. Kh1 b5 12. Ba2 Be6 13. f4 Bxa2 14. Rxa2 exf4 15. Bxf6 gxf6 16. Qh5 Kh8 17. Ne2 Ng6 18.
Nf5 Rg8 19. Rf3 d5 20. Rh3 Nf8 21. Nh6 Rg7 22. Nxf7+ Rxf7 23. Qxf7 Ra7 24. Qh5 Rg7 25.
Ra1 dxe4 26. Qxc5 f3 27. gxf3 exd3 28. cxd3 Ne6 29. Qxc6 Ng5 30. Rg3 Qxd3 31. Qxf6 Qxe2 32. Rxg5 1-0

[Event "*** Titled Tuesday Blitz"]
[Site "Chess.com"]
[Date "2021.02.02"]
[Round "2"]
[White "Hadza_3"]
[Black "Ashedu66"]
[Result "0-1"]
[WhiteElo "2405"]
[BlackElo "2186"]
[TimeControl "180+1"]
[EndTime "10:18:59 PST"]
[Termination "Ashedu66 won by checkmate"]

1. e4 e5 2. Nc3 Nf6 3. g3 d5 4. exd5 Nxd5 5. Bg2 Be6 6. Nge2 Nc6 7. O-O Bc5 8. d3 h5 9. Ne4 Be7 10. h4 Qd7 11. a3 O-O-O 12. b4 Kb8 13. Bd2 f6 14. Rb1 g5 15. hxg5 h4 16. Nc5 Bxc5 17. bxc5 hxg3 18. fxg3 Qe7 19. gxf6 Qxc5+ 20. Rf2 Nxf6 21. Bb4 Nxb4 22. Rxb4 Ng4 23. d4 Nxf2 24. Kxf2 exd4 25. Bxb7 d3+ 26. Nd4 Rxd4 27. Kg2 Rxb4 28. axb4 Bd5+ 29. Bxd5 Qxd5+ 30. Kf2 Rh2+ 31. Ke3 Re2+ 32. Qxe2 dxe2 33. Kxe2 Qe4+ 34. Kd2 Qxb4+ 35. Ke3 Qg4 36. Kf2 a5 37. Kg2 a4 38.
Kf2 a3 39. c4 a2 40. c5 a1=Q 41. c6 Qad4+ 42. Ke1 Qf3 43. g4 Qdd1# 0-1

[Event "*** Titled Tuesday Blitz"]
[Site "Chess.com"]
[Date "2021.02.02"]
[Round "2"]
[White "Tekushka"]
[Black "Cambek64"]
[Result "0-1"]
[WhiteElo "2453"]
[BlackElo "2283"]
[TimeControl "180+1"]
[EndTime "10:19:00 PST"]
[Termination "Cambek64 won by checkmate"]

1. e4 e6 2. d4 d5 3. Nc3 Nc6 4. Nf3 Nf6 5. e5 Ne4 6. Bd3 Bb4 7. Bd2 Nxd2 8. Qxd2 b6 9. O-O Bb7 10. a3 Be7 11. Ne2 Na5 12. Ng3 Nc4 13. Qc1 O-O 14. b3 Na5 15. Qf4 c5 16. h4 c4 17. bxc4 dxc4 18.
Be2 f6 19. Qg4 Qd7 20. Nh5 Rf7 21. exf6 Bxf6 22. Nxf6+ Rxf6 23. Ne5 Qd6 24. Nxc4 Nxc4 25. Bxc4 Rg6 26. Bxe6+ Kh8 27. Qxg6 hxg6 28. Rfe1 Qxd4 29.
Bh3 Rf8 30. Rf1 Rxf2 31. Rxf2 Qxa1+ 32. Rf1 Qd4+ 33. Kh1 Qxh4 34. Rf8+ Kh7 35. Rf7 Qxh3+ 36. Kg1 Qxg2# 0-1

[Event "*** Titled Tuesday Blitz"]
[Site "Chess.com"]
[Date "2021.02.02"]
[Round "2"]
[White "niki_2003"]
[Black "PowerThinking2650"]
[Result "0-1"]
[WhiteElo "2061"]
[BlackElo "2386"]
[TimeControl "180+1"]
[EndTime "10:19:00 PST"]
[Termination "PowerThinking2650 won by checkmate"]

1. e4 e5 2. Nf3 Nc6 3. Bc4 Nf6 4. d3 h6 5. c3 d6 6. O-O g6 7. h3 Bg7 8. Be3 O-O 9. Qd2 Kh7 10. Na3 d5 11.
exd5 Nxd5 12. Bxd5 Qxd5 13. Rfd1 Bf5 14. Kh2 Rad8 15. Ne1 g5 16. b3 Bg6 17. Nac2 f5 18. f3 f4 19. Bg1 e4 20. fxe4 Bxe4 21. d4 Rde8 22. c4 Qf5 23. Rac1 f3 24. d5 Be5+ 25. Kh1 Qf4 26. Qxf4 Bxf4 27. dxc6 fxg2+ 28. Nxg2 Bxc6 29. Rb1 Re2 30. Ne1 Bg3 31. Bc5 Rf1+ 32. Bg1 Rfxe1 33. Rxe1 Bxg2# 0-1

[Event "*** Titled Tuesday Blitz"]
[Site "Chess.com"]
[Date "2021.02.02"]
[Round "2"]
[White "StockholmMissile"]
[Black "Fandorine"]
[Result "0-1"]
[WhiteElo "2520"]
[BlackElo "2821"]
[TimeControl "180+1"]
[EndTime "10:19:01 PST"]
[Termination "Fandorine won by resignation"]

1. d4 Nf6 2. c4 g6 3. Nc3 Bg7 4. e4 d6 5. h3 O-O 6. Be3 Na6 7. Nf3 c6 8. Be2 e5 9. d5 Nh5 10. g3 f5 11. exf5 gxf5 12. Nh4 f4 13. Bxh5 fxe3 14. fxe3 Qg5 15. Ne4 Qxe3+ 16. Qe2 Qh6 17. Bg4 cxd5 18. cxd5 Nb4 19. a3 Nxd5 20. Rd1 Nf4 21. Qc2 d5 22.
Nf2 e4 23. gxf4 Qxh4 24. Rxd5 e3 0-1

[Event "*** Titled Tuesday Blitz"]
[Site "Chess.com"]
[Date "2021.02.02"]
[Round "2"]
[White "kikydu96"]
[Black "AsadliVugar"]
[Result "1-0"]
[WhiteElo "2570"]
[BlackElo "2849"]
[TimeControl "180+1"]
[EndTime "10:19:02 PST"]
[Termination "kikydu96 won by resignation"]

1. e4 g6 2. d4 Bg7 3. Nc3 d6 4. Bf4 a6 5. Qd2 b5 6. O-O-O Bb7 7. f3 Nd7 8. h4 h6 9. g4 c5 10. dxc5 Nxc5 11. h5 g5 12. Be3 Rc8 13. Bd4 Bxd4 14.
Qxd4 Nf6 15. Nge2 Qa5 16. Kb1 b4 17. Nd5 Bxd5 18. exd5 Na4 19. Nc1 Nb6 20. Nb3 Qxd5 21. Bxa6 Qxd4 22. Rxd4 Rc7 23. Rxb4 Nfd5 24. Rd4 e5 25.
Rdd1 Ke7 26. Rhe1 Nb4 27. Bd3 Nxd3 28. Rxd3 Nc4 29. Nd4 Rb8 30. b3 Kf8 31. Nf5 Na3+ 32. Kb2 Nxc2 33. Rc1 Nb4 34. Rxd6 Rxc1 35. Kxc1 Rc8+ 36.
Kb1 Nxa2 37. Kxa2 Ke8 38. Rxh6 Rc2+ 39. Ka3 Rc3 40. Rh8+ Kd7 41. Rg8 Rxf3 42. h6 Rh3 43.
Rxg5 e4 44. Rh5 Rxh5 45. gxh5 e3 46. Nxe3 1-0

[Event "*** Titled Tuesday Blitz"]
[Site "Chess.com"]
[Date "2021.02.02"]
[Round "2"]
[White "Kotofeyca"]
[Black "PattyCastillo"]
[Result "1-0"]
[WhiteElo "2385"]
[BlackElo "2042"]
[TimeControl "180+1"]
[EndTime "10:19:02 PST"]
[Termination "Kotofeyca won on time"]

1. d4 d5 2. c4 c6 3. Nc3 Nf6 4. cxd5 cxd5 5. Bf4 e6 6. e3 Bd6 7. Bg5 O-O 8. Bd3 Nbd7 9. Nf3 h6 10. Bh4 a6 11.
O-O b6 12. Qe2 Bb7 13. Rfc1 Rc8 14. Bxa6 Bxa6 15. Qxa6 Ra8 16. Qb5 Qb8 17. Rc2 Ra5 18.
Qd3 Rc8 19. Rac1 Rc4 20. Bg3 Ng4 21. Nd2 Rc8 22. a3 Bxg3 23. hxg3 Ra8 24. Nb5 Rxc2 25. Qxc2 Qd8 26. Qc6 Rb8 27. Nf3 Ndf6 28. Ne5 Nxe5 29. dxe5 Ne4 30. Nd6 Qg5 31. Nxe4 dxe4 32. Qxe4 b5 33.
Qf4 Qe7 34. g4 1-0

[Event "*** Titled Tuesday Blitz"]
[Site "Chess.com"]
[Date "2021.02.02"]
[Round "2"]
[White "boasovietica"]
[Black "tdf98pantani"]
[Result "0-1"]
[WhiteElo "2502"]
[BlackElo "2757"]
[TimeControl "180+1"]
[EndTime "10:19:04 PST"]
[Termination "tdf98pantani won by checkmate"]

1. c4 e6 2. g3 d5 3. Bg2 dxc4 4.
Na3 Bxa3 5. bxa3 Nd7 6. Nf3 Ngf6 7. O-O O-O 8. Qc2 Nb6 9. Bb2 Bd7 10. Ng5 Ba4 11.
Qb1 g6 12. Qc1 Bc6 13. Bxc6 bxc6 14. Rb1 h6 15. Nf3 Ne4 16. Rd1 Ng5 17. Ne5 Qd5 18.
f3 f6 19. Ng4 Kg7 20. h4 Nh7 21. d3 g5 22. dxc4 Qc5+ 23. Kg2 Rad8 24. hxg5 Nxg5 25.
Rh1 Qxc4 26. Nxh6 Qxe2+ 27. Kg1 Nxf3# 0-1

[Event "*** Titled Tuesday Blitz"]
[Site "Chess.com"]
[Date "2021.02.02"]
[Round "2"]
[White "ljuks68"]
[Black "tjychess"]
[Result "0-1"]
[WhiteElo "2389"]
[BlackElo "2654"]
[TimeControl "180+1"]
[EndTime "10:19:04 PST"]
[Termination "tjychess won on time"]

1. e4 e5 2. Nf3 Nc6 3. Bb5 a6 4. Ba4 Nf6 5. Qe2 b5 6. Bb3 Bc5 7. c3 d6 8. d3 Bb6 9. Bg5 h6 10.
Bh4 g5 11. Bg3 Nh5 12. Nxe5 Nxg3 13. Nxc6 Nxe2 14. Nxd8 Nf4 15. Nxf7 Rh7 16. O-O Be6 17. Bxe6 Nxe6 18. Nxd6+ cxd6 19. Nd2 Kd7 20. g3 Rf7 21. Kg2 g4 22. h3 Raf8 23. f4 gxf3+ 24. Rxf3 Nc5 25.
Rxf7+ Rxf7 26. d4 Nd3 27. Rf1 Rxf1 28. Kxf1 Nxb2 29. Ke2 Ba5 30. Nb1 Ke6 31. g4 Nc4 32.
Kd3 Bd8 33. Nd2 Nxd2 34. Kxd2 Bh4 35. Kd3 Be1 36. c4 b4 37. c5 dxc5 38. dxc5 Kd7 39. Kc4 Kc6 40. h4 Bxh4 0-1

[Event "*** Titled Tuesday Blitz"]
[Site "Chess.com"]
[Date "2021.02.02"]
[Round "2"]
[White "Problematique_99"]
[Black "Alexander_Moskalenko"]
[Result "0-1"]
[WhiteElo "2515"]
[BlackElo "2794"]
[TimeControl "180+1"]
[EndTime "10:19:05 PST"]
[Termination "Alexander_Moskalenko won by resignation"]

1. e4 e6 2. d4 d5 3. exd5 exd5 4. Nf3 Nc6 5. Bd3 Bd6 6. c3 Nge7 7. O-O Bf5 8. Bxf5 Nxf5 9. Re1+ Nce7 10. Nbd2 Qd7 11.
Ne5 Qe6 12. Ndf3 f6 13. Ng6 Qxe1+ 14. Qxe1 hxg6 15. Qe6 g5 16. h3 Nh4 17. Nxh4 Rxh4 18. f3 Kf8 19. Bd2 Re8 20. Re1 a6 21. Re2 Rh6 22. Qd7 Kf7 23. b3 Rhh8 24. c4 b6 25. Qe6+ Kg6 26. cxd5 Rd8 27. Kf1 Rh4 28. Re4 Rhh8 29. h4 Rxh4 30. Rxh4 gxh4 31. Qg4+ Kf7 32. Qe6+ Kf8 33. a4 a5 34. Be1 Bg3 35. Bxg3 hxg3 36. Qg4 Rxd5 37. Qxg3 Rd7 38. Qg4 Rd8 39. Qf4 Rd6 40.
Kf2 Nc6 41. d5 Ne7 42. Qc4 Nxd5 43. g4 g5 44. Kg3 Ke7 45. Qe4+ Kd8 46. Qh7 Kc8 47.
Qg8+ Kb7 48. Qf7 Nf4 49. Qc4 Rd2 50. Qe4+ Ka7 0-1

[Event "*** Titled Tuesday Blitz"]
[Site "Chess.com"]
[Date "2021.02.02"]
[Round "2"]
[White "Vamostodorecto"]
[Black "Kostukov_Alex"]
[Result "0-1"]
[WhiteElo "2457"]
[BlackElo "2303"]
[TimeControl "180+1"]
[EndTime "10:19:06 PST"]
[Termination "Kostukov_Alex won by resignation"]

1. d4 g6 2. c4 Bg7 3. e4 d6 4. Nf3 e5 5. Nc3 exd4 6. Nxd4 Nc6 7. Be3 Nge7 8. Be2 O-O 9. O-O f5 10. exf5 Bxd4 11. Bxd4 Nxf5 12. Be3 Nxe3 13. fxe3 Rxf1+ 14. Qxf1 Be6 15. Bf3 Qe7 16. Re1 Rf8 17. Nd5 Bxd5 18.
Bxd5+ Kg7 19. Qd3 Qf6 20. Qd2 Ne5 21. b3 b6 22. h3 h5 23. Rd1 Qg5 24. Rf1 Rxf1+ 25.
Kxf1 Qf5+ 26. Kg1 a5 27. Qd4 Qb1+ 28. Kh2 Qxa2 29. Qh4 Qxb3 30. Qe7+ Kh6 31. h4 Ng4+ 32. Kg3 Qxe3+ 33. Qxe3+ Nxe3 34. Be6 g5 35. Kf3 Nc2 36. hxg5+ Kxg5 37. Ke4 a4 38. c5 dxc5 39. Kd5 Nb4+ 40.
Kc4 a3 0-1